Halk, chaotic female human Wizard ----- ------- #....|# ----------- |.....| #|...|####..........| |.....+# #|...|# |.........| |.....|# #-----%###|.........| #......|# ################# |.........| #-------# # # ####|..........## #### ### # # |.........|## # # # # # ----.------# # ### #### # ################## # # ##------# 0 # # #### ##.....|# ### # # ----------## #|....+# # # # |........+## #|....|### # # -..!.@r..| #|.....# # # |......%.-##########0|...<| #-------.--- |........| ------ #-...%.....| ---------- |(..{.....| ----------- Halk the Thaumaturge Experience level: 6 Strength: 12 Dexterity: 14 Constitution: 17 Intelligence: 15 Wisdom: 10 Charisma: 9 Health: 0(61) Energy: 19(46) AC: 9 Gold: 868 Moves: 1895 Your Inventory: Coins $ - 868 gold pieces Weapons a - a blessed +1 quarterstaff (weapon in hands) Armor B - an [uncursed] +0 iron skull cap [orcish helm] (being worn) E - a cursed +0 hooded cloak [dwarvish] (being worn) L - an [uncursed +0] iron skull cap [orcish helm] M - an [uncursed +0] iron skull cap [orcish helm] Comestibles n - an [uncursed] tripe ration s - an [uncursed] candy bar x - 4 [uncursed] food rations D - an [uncursed] fortune cookie H - an [uncursed] tin [of gray ooze] O - an [uncursed] rotten hill orc corpse Scrolls i - an uncursed scroll of light j - 3 uncursed scrolls of identify k - a blessed scroll of light A - an [uncursed] scroll labeled THARR [of flood] I - 2 [uncursed] scrolls labeled EIRIS SAZUN IDISI [of confuse monster] Spellbooks l - a blessed spellbook of force bolt m - an uncursed spellbook of cure sickness J - a [cursed] cloth spellbook [of extra healing] Potions f - 2 uncursed potions of object detection g - an uncursed potion of paralysis h - an uncursed potion of sleeping r - an [uncursed] silver potion [of gain energy] t - a [blessed] luminescent potion [of hallucination] u - a [cursed] potion of paralysis y - an [uncursed] brown potion [of blindness] z - an [uncursed] bubbly potion [of see invisible] F - an [uncursed] sparkling potion [of booze] K - a [cursed] ruby potion [of acid] Rings d - an uncursed ring of teleportation e - an uncursed +1 ring of adornment (on right hand) Wands c - an uncursed wand of cold (0:4) q - an [uncursed] curved wand [of striking (0:4)] Tools o - an [uncursed] looking glass [mirror] w - an [uncursed] bag [sack] C - an [uncursed] towel Spells known in the end: Name Level Category Fail Memory a - force bolt 1 attack 3% [||||||||] b - cure sickness 3 healing 100% [||||||||] Your skills at the end: Fighting Skills Weapon Skills quarterstaff [Basic / Expert] Spellcasting Skills attack spells [Basic / Expert] enchantment spells [Basic / Skilled] Final Attributes: You were devoutly aligned. Hunger level was 344. Your alignment was 19 / 19. Monster difficulty range was 0 - 5. Level difficulty was 5. You were telepathic. You were adorned. You were unlucky (-1). You are dead. Vanquished creatures: a violet fungus 2 giant ants 4 floating eyes a kitten 3 hill orcs a werejackal 3 iguanas an acid blob a hobbit a cave spider 2 green molds 2 geckos 2 jackals a kobold 5 goblins 4 grid bugs 4 lichens 3 newts 41 creatures vanquished. Voluntary challenges: You used a wielded weapon 34 times. You read items or engraved 45 times. You put on armor 3 times. You never genocided any monsters. You never polymorphed an object. You never changed form. You used no wishes. You wrote Elbereth's name 22 times. You never encountered a bones level. You never used any Sokoban shortcuts. Dungeon overview: The Dungeons of Doom: levels 1 to 5 Level 1 a long staircase Level 3 stairs to The Gnomish Mines Level 4 some fountains, a sink Level 5 <- You were here an altar, a fountain The Gnomish Mines: Level 4 stairs to The Dungeons of Doom History has recorded: On T:1 you entered the Dungeons of Doom to retrieve the Amulet of Yendor! On T:411 you reached level 2 of The Dungeons of Doom. On T:560 you advanced to experience level 2. On T:667 you advanced to experience level 3. On T:745 you reached level 3 of The Dungeons of Doom. On T:1010 you advanced to experience level 4. On T:1107 you reached level 1 of The Gnomish Mines. On T:1340 you reached level 4 of The Dungeons of Doom. On T:1441 you advanced to experience level 5. On T:1550 you reached level 5 of The Dungeons of Doom. On T:1824 you advanced to experience level 6. Latest messages: The sewer rat misses. The sewer rat bites! [HP-6=37] [4 turns] The sewer rat bites! (2x) The sewer rat misses. The sewer rat bites! [HP-5=32] [4 turns] The sewer rat bites! (4x) [HP-8=24] [4 turns] The sewer rat bites! (3x) The sewer rat misses. [HP-6=18] [4 turns] The sewer rat bites! (4x) [HP-10=8] [4 turns] You don't have enough stamina to move. The sewer rat bites! (4x) [HP-6=2] [4 turns] You don't have enough stamina to move. The sewer rat bites! You die... Final status: Goodbye Halk the Wizard... You died in The Dungeons of Doom on dungeon level 5 with 1964 points, and 868 pieces of gold, after 1895 moves. You were level 6 with a maximum of 61 hit points when you died.